 Dungeon Crawl Stone Soup version 0.31.0-11-ge490571c62 (webtiles) character file.

Game seed: 1807929636010190873

23 qw the Shooter (level 2, -1/12 (14) HPs)
             Began as a Spriggan Hunter on Feb 3, 2024.
             Slain by a goblin
             ... wielding a +0 dagger
             ... led by Robin
              (4 damage)
             ... on level 2 of the Dungeon.
             The game lasted 00:00:02 (975 turns).

qw the Shooter (Spriggan Hunter)                     Turns: 975, Time: 00:00:03

HP:   -1/12 (14)    AC:  2    Str:  7    XL:     2   Next: 75%
MP:   3/3           EV: 19    Int: 10    God:
Gold: 18            SH:  0    Dex: 18    Spells: 1/1 levels left

rFire   . . .        a - +0 shortbow
rCold   . . .        (shield currently unavailable)
rNeg    . . .        c - +0 robe
rPois   .            (helmet restricted)
rElec   .            (no cloak)
rCorr   .            (gloves unavailable)
SInv    +            (boots unavailable)
Will    .....        (no amulet)
Stlth   ++           (no ring)
HPRegen 0.22/turn    (no ring)
MPRegen 0.08/turn

%: no passive effects
@: about to teleport, heavily drained, very quick
A: very small, no large weapons, unfitting armour, see invisible, speed 3
a: no special abilities


You were on level 2 of the Dungeon.
You visited 1 branch of the dungeon, and saw 2 of its levels.

You collected 78 gold pieces.
You spent 60 gold pieces at shops.


Innate Abilities, Weirdness & Mutations

You are very small and have problems with some larger weapons.
You are too small for most types of armour.
You have supernaturally acute eyesight. (SInv)
You cover ground extremely quickly. (Speed+++)


   Skills:
 - Level 1.5 Fighting
 + Level 4.3 Ranged Weapons
 - Level 4.0 Dodging
 - Level 1.5 Stealth


You had one spell level left.
You didn't know any spells.
Your spell library was empty.

Inventory:

Hand Weapons
 a - a +0 shortbow (weapon)
Armour
 c - a +0 robe (worn)
Scrolls
 b - a scroll of fog {unknown}
 d - a scroll of identify
 g - a scroll of teleportation
Potions
 f - a potion of resistance

Dungeon Overview and Level Annotations

Branches:
Dungeon (2/15)

Altars:

Shops:
D:1 ?

Annotations:
D:2 Robin


Message History

The goblin misses you.
You shoot an arrow. The arrow closely misses the goblin. x2
Robin roars a battlecry!
The goblins go into a battle-frenzy!
The goblin hits you with a +0 dagger of draining.
You feel drained.
You shoot an arrow. The arrow barely misses the goblin.
The arrow hits the goblin.
You kill the goblin!
The goblin misses you.
You shoot an arrow. The arrow closely misses the goblin. x2
Robin roars a battlecry!
The goblin completely misses you.
Robin laughs in a distinctly smug fashion.
The goblin hits you but does no damage.
You feel drained.
You hear a shout!
You shoot an arrow. The arrow hits the goblin.
The goblin is moderately wounded.
You hear a shout!
Robin throws the goblin at you!
The goblin hits you with a +0 dagger of draining.
You feel drained. The goblin misses you.
You shoot an arrow. The arrow barely misses the goblin.
A goblin comes into view. It is wielding a +0 club.
The goblin closely misses you. x2
You shoot an arrow. The arrow barely misses the goblin.
A goblin comes into view. It is wielding a +0 club.
The goblin barely misses you. The goblin misses you.
You shoot an arrow. The arrow hits the goblin.
You kill the goblin!
A goblin comes into view. It is wielding a +0 club.
The goblin hits you with a +0 dagger.
974 ||| READING 2 scrolls of teleportation.
As you read the scroll of teleportation, it crumbles to dust.
You feel strangely unstable. The goblin barely misses you.
You shoot an arrow. The arrow barely misses the goblin.
The goblin closely misses you. The goblin misses you.
The goblin hits you with a +0 dagger.
You die...

g#########..
..gg...g...#
...g..gg#..#
#g#..# #@#..#
##g#..#
####.....#
#....#.>.#
#.##...#.#
#.###.##.#
#.# #.##.#
#.# #.##.#
#.#
#.##.########


You could see Robin and 4 goblins.

Vanquished Creatures
  2 endoplasms
  A giant cockroach (D:2)
  5 goblins
  3 hobgoblins
  5 ball pythons
  A bat (D:1)
  2 frilled lizards
  2 kobolds
21 creatures vanquished.

Notes
Turn   | Place    | Note
-------+----------+-------------------------------------------
     0 | D:1      | qw the Spriggan Hunter began the quest for the Orb.
     0 | D:1      | Reached XP level 1. HP: 10/10 MP: 2/2
     0 | D:1      | 0 ||| qw: Version: 0.3-a-155-g5e7d8dd
     0 | D:1      | 0 ||| qw: Game counter: 3150
     0 | D:1      | 0 ||| qw: Melee chars always use a shield: true
     0 | D:1      | 0 ||| qw: God list: Okawaru
     0 | D:1      | 0 ||| qw: Allow faded altars: false
     0 | D:1      | 0 ||| qw: Do Orc after clearing Dungeon:15 true
     0 | D:1      | 0 ||| qw: Do second Lair branch before Depths: true
     0 | D:1      | 0 ||| qw: Lair rune preference: random
     0 | D:1      | 0 ||| qw: Goals: Normal
     0 | D:1      | 0 ||| PLANNING D:1-11
    98 | D:1      | Reached skill level 3 in Dodging
   243 | D:1      | Reached XP level 2. HP: 14/14 MP: 3/3
   688 | D:1      | Found Fash's Magic Scroll Shop.
   704 | D:1      | 704 ||| SHOPLISTING 3 scrolls of enchant armour (270 gold,
                  | have 78).
   704 | D:1      | 704 ||| SHOPLISTING scroll of enchant armour (90 gold, have
                  | 78).
   704 | D:1      | 704 ||| BUYING scroll of identify (24 gold).
   704 | D:1      | Bought a scroll of identify for 24 gold pieces
   704 | D:1      | 704 ||| BUYING scroll of teleportation (36 gold).
   704 | D:1      | Bought a scroll of teleportation for 36 gold pieces
   704 | D:1      | 704 ||| READING scroll labelled GEECLIKKEI.
   728 | D:1      | 728 ||| READING 2 scrolls of identify.
   728 | D:1      | 728 ||| IDENTIFYING sedimented cyan potion
   729 | D:1      | 729 ||| DROPPING scroll of butterflies.
   961 | D:2      | Noticed Robin
   962 | D:2      | 962 ||| RETREEEEATING.
   974 | D:2      | 974 ||| READING 2 scrolls of teleportation.
   975 | D:2      | Slain by a goblin

Levels and vault maps discovered:
D:1:      matt_arrival_refuge, layout_loops_ring, serial_shops,
          nicolae_shop_waterfront
D:2:      layout_loops_ring, uniq_robin

Skill      XL: |  1  2 |
---------------+-------+-----
Dodging        | 3 4 |  4.0
Fighting       | |  1.5
Ranged Weapons | |  4.3
Stealth        | |  1.5

Action                     || total
---------------------------++-------
   Fire: Shortbow          ||    57
    Use: Scroll            ||     3
 Armour: Robe              ||    11
  Dodge: Dodged            ||    31

Table legend:
 A = Non-vault XP
 B = Vault XP
 C = Vault XP percentage of total XP
 D = Non-vault monster count
 E = Vault monster count
 F = Vault count percentage of total count
                 A         B        C        D         E       F
            +---------+---------+-------+---------+---------+-------
      Total |      30 |       4 |  11.8 |      19 |       2 |   9.5
            +---------+---------+-------+---------+---------+-------
        D:1 |      18 |       0 |   0.0 |      12 |       0 |   0.0
        D:2 |      12 |       4 |  25.0 |       7 |       2 |  22.2
            +---------+---------+-------+---------+---------+-------
